Zazza, neutral female human Tourist -------- ----- |......| |...| ------- |......| ------ |...-# |.....| |.......# |>(..| |..#|# |.....-# |......|# |....| |...|# |.....|# -.-.--.-# |....| |...|# |....<|# ####### # # ##-....| |...|# |.....|### # # ### # # |....| -----# -.----- ##########`################ # |....| # # # ### # # ### # ---|- # ------ # ### # --.-.------- # |...+@&####### # # # ##-..........| ### |...| # # ### #### |..........| # |...| ### # #------------.-- |.....{....| ##....|################### # #|.............| |..........| ---.-# ###-----.-# #..............| |..........| # ### #......|# |.............| |..........| |.....-% --------------- ------------ |.....| # # ------- Zazza the Rambler Experience level: 2 Strength: 13 Dexterity: 11 Constitution: 16 Intelligence: 11 Wisdom: 7 Charisma: 18 Health: 0(17) Energy: 2(2) Def: 0 Gold: 0 Moves: 1204 Dungeon seed: w_-p6JSQVwdmKb6v Game ID: Zazza_1535386397 Your Inventory: Weapons a - 39 +2 darts (in quiver) u - a +0 javelin Armor e - an uncursed +0 Hawaiian shirt r - an uncursed +0 large shield y - an uncursed +0 studded leather armor B - a cursed -1 helm of opposite alignment named cursed crested helmet N - an uncursed +0 helmet Y - a cursed -1 pair of fumble boots (being worn) Comestibles b - 2 uncursed cream pies c - 5 uncursed tripe rations d - 3 uncursed slime molds f - 3 uncursed food rations o - an uncursed fortune cookie Scrolls i - 2 uncursed scrolls of magic mapping j - a blessed scroll of magic mapping s - an uncursed scroll of enchant weapon w - a cursed scroll of identify Spellbooks t - an uncursed spellbook of sleep Potions h - 2 uncursed potions of extra healing v - an uncursed potion of see invisible x - an uncursed potion of booze A - a blessed potion of gain ability Tools k - an uncursed skeleton key l - an uncursed credit card m - an uncursed tin opener p - an expensive camera (0:73) Gems n - an uncursed worthless piece of yellowish brown glass q - an uncursed worthless piece of yellow glass Spells and supernatural/magical abilities: Name Level Category Fail Memory W - pray for help -- divine ? -- Your skills at the end: Fighting Skills Weapon Skills dart [Basic] Spellcasting Skills Final Attributes: You were stridently aligned. You fumbled. You were lucky. You are dead. Vanquished creatures: 5 jackals a fox 4 grid bugs a lichen a kobold zombie 2 newts 14 creatures vanquished. Voluntary challenges: You never hit with a wielded weapon. You read items or engraved 1 time, starting on turn 1. You never genocided any monsters. You never polymorphed an object. You never changed form. You used no wishes. You never split a pudding. You never wrote Elbereth's name. You never violated your personal moral code. Dungeon overview: The Dungeons of Doom: levels 1 to 2 Level 1 <- You were here a fountain, a sink a long staircase Level 2 an armor shop History has recorded: On T:1 you entered the Dungeons of Doom to retrieve the Amulet of Yendor! On T:307 you reached level 2 of The Dungeons of Doom. On T:1165 you advanced to experience level 2. Score breakdown: Gold: 0 ( 0 points) Experience: 2 levels ( 5570 points) Exploration: 2 levels ( 4.08%) ( 4330 points) Discoveries: 2 items ( 0.67%) ( 2457 points) Valuables value: (no points given unless you survive) Artifact value: 0 ( 0 points) Variety of kills: 6 monsters ( 1.57%) ( 3764 points) Turncount: 1204 turns ( 0 points) Survival: died (score multiplied by 80%) Total score: 12896 Latest messages: <"Shall I remove your suit, sweetheart?" [yn]: y> <"Shall I remove your boots, lover?" [yn]: n> <"Shall I remove your shield, lover?" [yn]: y> <"Shall I remove your helmet, lover?" [yn]: y> Time stands still while you and the incubus lie in each other's arms... You seem to have enjoyed it more than the incubus... That was a very educational experience. You feel more experienced. Welcome to experience level 2. "It's on the house!" You flounder. You make a lot of noise! You flounder. You make a lot of noise! You flounder. You make a lot of noise! You miss it. The jackal bites! You kill the jackal! The incubus acts as though he has got a headache. The incubus hits! (2x) The incubus acts as though he has got a headache. (2x) You die... Final status: Aloha Zazza the Tourist, killed by an incubus... You died in The Dungeons of Doom on dungeon level 1 with 12896 points, and 0 pieces of gold, after 1204 moves. You were level 2 with a maximum of 17 hit points when you died.